 Dungeon Crawl Stone Soup version 0.28-a0-529-g3bad584f25 (webtiles) character file.

Game seed: 6571539087221183424

15271 robertstho the Thaumaturge (level 12, -2/88 HPs)
             Began as a Djinni Fire Elementalist on Sept 24, 2021.
             Was an Initiate of Gozag.
             Engulfed by a cloud of freezing vapour (25 damage)
             ... in an ice cave.
             The game lasted 00:26:46 (15406 turns).

robertstho the Thaumaturge (DjFE)                  Turns: 15406, Time: 00:26:48

Health: -2/88      AC: 10    Str:  7    XL:     12   Next: 55%
Gold:   1538       EV: 12    Int: 25    God:    Gozag SH:  5 Dex: 14

rFire   + + .      SeeInvis .   C - +9 hunting sling of Kaxottis {speed, Contam +Blink rElec Stlth+}
rCold   x . .      Faith    .   (no shield)
rNeg    . . .      Spirit   .   P - +0 leather armour "Kulakudi" {Int+3}
rPois   ∞          Reflect  +   R - +1 helmet
rElec   +          Harm     .   n - +0 cloak
rCorr   .          Rampage  .   (no gloves)
Will    +....                   (boots unavailable)
Stlth   +++.......              q - amulet of reflection
HPRegen 0.24/turn               c - +4 ring of slaying
MPRegen 0.00/turn               u - +4 ring of protection

@: gold aura, flying
A: sickness immunity, fire resistance 2, cold vulnerability 1, float, innate
caster, hp casting, extra vitality 1
a: Renounce Religion, Evoke Blink, Potion Petition, Call Merchant, Bribe Branch


You were in an ice cave.
You worshipped Gozag.
Gozag was most pleased with you.
You visited 2 branches of the dungeon, and saw 13 of its levels.
You also visited: Ice Cave.

You collected 2166 gold pieces.
You spent 478 gold pieces at shops.
You paid 150 gold pieces to Gozag.

Inventory:

Hand Weapons
 m - a +0 dagger of flaming
 y - a +0 short sword of draining
 B - a +0 dagger of venom
 C - the +9 hunting sling of Kaxottis (weapon) {speed, Contam +Blink rElec Stlth+}
   (You found it on level 7 of the Dungeon)

   Attacks with this weapon are significantly faster.
   rElec:     It insulates you from electricity.
   +Blink:    It lets you blink.
   Contam:    It causes magical contamination when unequipped.
   Stlth:     It makes you more stealthy.
 N - a +4 scimitar of flaming
Missiles
 E - 399 stones (quivered ammo)
 F - 84 sling bullets
 I - a throwing net
Armour
 i - a +0 kite shield
 n - a +0 cloak (worn)
 P - the +0 leather armour "Kulakudi" (worn) {Int+3}
   (You found it on level 11 of the Dungeon)

   Int:       It affects your intelligence (+3).
 R - a +1 helmet (worn)
Jewellery
 c - a +4 ring of slaying (left hand)
 d - an amulet of regeneration
 o - a ring of ice
 q - an amulet of reflection (around neck)
 u - a +4 ring of protection (right hand)
Wands
 r - a wand of mindburst (12)
 s - a wand of acid (10)
 K - a wand of charming (12)
Scrolls
 b - 3 scrolls of teleportation
 e - a scroll of brand weapon
 f - 2 scrolls of blinking {unknown}
 h - 4 scrolls of vulnerability {unknown}
 j - 2 scrolls of immolation {unknown}
 p - 2 scrolls of enchant armour {unknown}
 v - 4 scrolls of noise {unknown}
 w - 3 scrolls of fog
 H - a scroll of enchant weapon
Potions
 g - a potion of brilliance
 l - 4 potions of berserk rage
 t - 2 potions of haste
 x - 5 potions of curing
 z - 2 potions of degeneration {unknown}
 A - 3 potions of resistance {unknown}
 D - 2 potions of flight {unknown}
 J - a potion of mutation {unknown}
 L - a potion of attraction
 M - a potion of heal wounds
 O - a potion of might {unknown}
 Q - a potion of cancellation


   Skills:
 * Level 8.3 Fighting
 + Level 0.5 Polearms
 + Level 8.9 Slings
 + Level 1.0 Armour
 + Level 3.9 Dodging
 + Level 3.5 Stealth
 + Level 2.0 Shields
 * Level 10.6 Spellcasting


You had 5 spell levels left.
You knew the following spells:

 Your Spells              Type           Power      Damage    Failure   Level
a - Foxfire               Conj/Fire      100%       2x1d9     1%          1
b - Scorch                Fire           100%       2d10      1%          2
c - Conjure Flame         Conj/Fire      61%        6-21      1%          3
d - Inner Flame           Hex/Fire       61%        N/A       1%          3
e - Flame Wave            Conj/Fire      61%        3d11      1%          4
f - Sting                 Tmut/Pois      100%       1d8       1%          1
g - Call Imp              Summ           61%        N/A       1%          2
h - Frozen Ramparts       Ice            100%       1d12      1%          3
i - Vampiric Draining     Necr           30%        2d10      1%          3
j - Borgnjor's Vile Clut  Necr/Erth      30%        N/A       2%          5
Your spell library was empty.

Dungeon Overview and Level Annotations

Branches:
Dungeon (12/15)            Temple (1/1) D:5            Lair (0/6) D:9
    Orc (0/2) D:12          IceCv (1/1)

Altars:
Cheibriados
Dithmenos
Elyvilon
Fedhas
Gozag
Hepliaklqana
Makhleb
Nemelex Xobeh
Qazlal
Trog
Uskayaw
Vehumet
Wu Jian
Xom
Yredelemnul
Zin

Shops:
D:5 [   D:8 *

Annotations:
D:9 3 runed translucent doors, RandomusNamus's ghost, novice DjFE IceCv exclusion: ice statue


Innate Abilities, Weirdness & Mutations

You are immune to sickness and miasma.
You are immune to poison.
Your flesh is very heat resistant. (rF++)
You are vulnerable to cold. (rC-)
You float through the air rather than walking.
You learn spells naturally, not from books.
Your magical power is your life essence.
You have superior vitality. (+4 HP)


Message History

You shoot a stone. The stone hits the ice beast.
The ice beast is severely wounded.
You shoot a stone. The stone hits the ice beast!
You kill the ice beast!
The ice beast disappears in a puff of smoke!
No target in view!
No target in view!
There is an ice covered gate leading back out of this place here.
E - 399 stones (gained 4)
You start resting.
HP restored.
Really fly into a travel-excluded area?
Casting: Borgnjor's Vile Clutch (dangerous; 2% risk of failure)
Confirm with . or Enter, or press ? or * to list all spells.
Casting: Flame Wave (mildly dangerous; 1% risk of failure)
Press: ? - help, Dir - look around, f - activate A wave of flame ripples out!
The flame wave engulfs the ice statue!!
The ice statue melts!
The ice statue is moderately damaged. (Press . to intensify the flame waves.)
The ice statue gestures at you. x2
The freezing blast engulfs you!
You feel a terrible chill!
A wave of flame ripples out!
You hear a sizzling sound!
The flame wave engulfs the ice statue!!
The ice statue melts!
The ice statue is severely damaged.
You hear a sizzling sound! x14
You are engulfed in freezing vapours.
The ice statue gestures at you. The freezing blast engulfs you!!
You feel a terrible chill!
* * * LOW HITPOINT WARNING * * *
A wave of flame ripples out!
You hear a sizzling sound!
The flame wave engulfs the ice statue!!
The ice statue melts!
You destroy the ice statue!
You hear a sizzling sound! x11
* * * LOW HITPOINT WARNING * * *
You finish channelling waves of flame.
You are engulfed in freezing vapours.
You die...
Your body crumbles into a pile of gold.

#...............
#...............
#.......⌠.......
#..........(....
#.....(.(.($....
#....$$..$....#
#......((.....#
#..@..$.....#
##$#...○.#8##
####...## ##...#
#...## #...##
##...# ##...##
##.....##


You could see an ice statue.

Vanquished Creatures
  Erica (D:10)
  3 two-headed ogres
  3 death yaks (D:9)
  A manticore (D:12)
  A cyclops (D:11)
  Joseph (D:7)
  An ice statue (IceCv)
  An unseen horror (D:11)
  An ice devil (IceCv)
  2 kobold demonologists (D:10)
  A hornet (D:11)
  3 shadows
  2 wyverns
  Sigmund (D:5)
  A wraith (D:9)
  6 yaks (D:11)
  Eustachio (D:6)
  A basilisk (D:7)
  A steam dragon (D:8)
  3 vampire mosquitoes (D:11)
  Menkaure (D:6)
  Edmund (D:6)
  An acid dragon (D:10)
  2 water moccasins
  2 black bears
  3 orc warriors
  An ice beast (D:7)
  2 ogres
  3 necrophages
  8 centaurs
  A phantom (D:12)
  Blork the orc (D:6)
  4 kobold brigands
  4 bullfrogs
  A two-headed ogre simulacrum (IceCv)
  A scorpion (D:6)
  A cane toad simulacrum (IceCv)
  3 water moccasin skeletons
  3 troll zombies (D:12)
  6 killer bees (D:11)
  13 wights
  5 howler monkeys
  4 centaur zombies
  4 hounds
  6 jellies
  Crazy Yiuf (D:3)
  9 orc priests
  2 bullfrog skeletons (D:6)
  2 gnoll shamans (D:9)
  Terence (D:2)
  A centaur skeleton (D:7)
  2 iguanas
  5 orc wizards
  2 polar bear simulacra (IceCv)
  2 troll simulacra (IceCv)
  An ogre zombie (D:12)
  3 howler monkey zombies
  9 gnolls
  11 adders
  A river rat (D:9)
  A white imp (IceCv)
  An adder zombie (D:5)
  An adder skeleton (D:4)
  3 worms
  2 dart slugs
  24 orcs
  6 endoplasms
  4 giant cockroaches
  4 goblins
  6 hobgoblins
  26 kobolds
  4 quokkas
  6 ball pythons
  6 bats
  3 frilled lizards
  A goblin skeleton (D:12)
  4 goblin zombies (D:12)
  A hobgoblin skeleton (D:12)
  2 hobgoblin zombies (D:12)
  An orc skeleton (D:12)
  5 orc zombies (D:12)
  6 rats
285 creatures vanquished.

Vanquished Creatures (others)
  A two-headed ogre (D:10)
  A gargoyle (D:10)
  A troll (D:10)
  A centaur (D:10)
  A howler monkey (D:10)
  45 foxfires
  A fungus (D:3)
  3 plants
54 creatures vanquished.

Grand Total: 339 creatures vanquished

Notes
Turn   | Place    | Note
-------+----------+-------------------------------------------
     0 | D:1      | robertstho the Djinni Fire Elementalist began the quest for
                  | the Orb.
     0 | D:1      | Reached XP level 1. HP: 15/15 MP: 0/0
    53 | D:1      | Reached XP level 2. HP: 16/21 MP: 0/0
   572 | D:1      | Reached skill level 3 in Spellcasting
   890 | D:1      | Reached XP level 3. HP: 23/25 MP: 0/0
   890 | D:1      | Learned a level 1 spell: Sting
  2535 | D:2      | Reached XP level 4. HP: 15/31 MP: 0/0
  2774 | D:2      | Noticed Terence
  2783 | D:2      | Killed Terence
  3209 | D:2      | Reached XP level 5. HP: 28/36 MP: 0/0
  3209 | D:2      | Learned a level 2 spell: Call Imp
  3374 | D:2      | Reached skill level 4 in Spellcasting
  3792 | D:3      | Found a snail-covered altar of Cheibriados.
  4049 | D:3      | Reached XP level 6. HP: 37/41 MP: 0/0
  4558 | D:3      | Found a runed translucent door.
  4559 | D:3      | Noticed Crazy Yiuf
  4565 | D:3      | Killed Crazy Yiuf
  4667 | D:4      | Reached skill level 5 in Spellcasting
  4707 | D:4      | Noticed an ogre
  4712 | D:4      | Killed an ogre
  4713 | D:4      | Reached skill level 1 in Fighting
  4928 | D:4      | Noticed a necrophage
  4933 | D:4      | Killed a necrophage
  4934 | D:4      | Reached XP level 7. HP: 44/47 MP: 0/0
  4934 | D:4      | Learned a level 3 spell: Frozen Ramparts
  4996 | D:4      | Noticed a water moccasin
  5003 | D:4      | Killed a water moccasin
  5172 | D:4      | Reached skill level 6 in Spellcasting
  5430 | D:5      | Entered Level 5 of the Dungeon
  5430 | D:5      | Found Vaplonoi's Antique Armour Emporium.
  5433 | D:5      | Bought a heavily runed leather armour for 203 gold pieces
  5433 | D:5      | Identified the +1 leather armour "Aschoc" {+Blink Str-4
                  | Dex+2} (You bought it in a shop on level 5 of the Dungeon)
  5573 | D:5      | Reached XP level 8. HP: 35/54 MP: 0/0
  5807 | D:5      | Noticed Sigmund
  5825 | D:5      | Killed Sigmund
  5904 | D:5      | Reached skill level 7 in Spellcasting
  6373 | D:5      | Found a staircase to the Ecumenical Temple.
  6449 | D:6      | Noticed Blork the orc
  6454 | D:6      | Killed Blork the orc
  6496 | Temple   | Entered the Ecumenical Temple
  6706 | D:6      | Noticed Eustachio
  6719 | D:6      | Killed Eustachio
  6720 | D:6      | Reached XP level 9. HP: 48/60 MP: 0/0
  6720 | D:6      | Learned a level 3 spell: Vampiric Draining
  6924 | Temple   | Became a worshipper of Gozag Ym Sagoz the Greedy
  7092 | D:6      | Reached skill level 8 in Spellcasting
  7152 | D:6      | Noticed Edmund
  7156 | D:6      | Killed Edmund
  7519 | D:6      | Found a shadowy altar of Dithmenos.
  7555 | D:6      | Reached skill level 1 in Shields
  7849 | D:6      | Noticed Menkaure
  8077 | D:6      | Killed Menkaure
  8245 | D:6      | Found a bloodstained altar of Trog.
  8490 | D:7      | Identified the +9 hunting sling of Kaxottis {speed, Contam
                  | +Blink rElec Stlth+}
  8495 | D:7      | Reached skill level 9 in Spellcasting
  9506 | D:7      | Reached XP level 10. HP: 54/68 MP: 0/0
  9845 | D:7      | Noticed Joseph
  9855 | D:7      | Killed Joseph
  9999 | D:7      | Reached skill level 5 in Fighting
 10878 | D:8      | Found Jezeip's Assorted Antiques.
 10884 | D:8      | Bought a scroll of fog for 62 gold pieces
 10884 | D:8      | Bought a scroll labelled ABRUDE URITIN for 31 gold pieces
 10884 | D:8      | Bought a fuming puce potion for 27 gold pieces
 10884 | D:8      | Bought a scroll labelled ETOHEKL CANETOL for 31 gold pieces
 10884 | D:8      | Bought a scroll of teleportation for 93 gold pieces
 10884 | D:8      | Bought a scroll labelled DUOCOMYAST for 31 gold pieces
 11378 | D:9      | Noticed a death yak
 11387 | D:9      | Noticed a death yak
 11405 | D:9      | Noticed a death yak
 11405 | D:9      | Killed a death yak
 11406 | D:9      | Reached skill level 5 in Slings
 11406 | D:9      | Reached XP level 11. HP: 5/76 MP: 0/0
 11406 | D:9      | Learned a level 5 spell: Borgnjor's Vile Clutch
 11408 | D:9      | Noticed a two-headed ogre
 11756 | D:9      | Killed a two-headed ogre
 11928 | D:9      | Found a blossoming altar of Fedhas.
 12014 | D:9      | Found a staircase to the Lair.
 12189 | D:9      | Found a runed translucent gate.
 12189 | D:9      | Found a runed translucent gate.
 12190 | D:9      | Found a runed translucent gate.
 12192 | D:9      | Noticed RandomusNamus's ghost (novice DjFE)
 12350 | D:9      | Killed a death yak
 12356 | D:9      | Killed a death yak
 12503 | D:9      | Reached skill level 10 in Spellcasting
 12607 | D:10     | Entered Level 10 of the Dungeon
 12731 | D:10     | Noticed a two-headed ogre
 12736 | D:10     | Noticed a soul eater
 12738 | D:10     | Killed a two-headed ogre
 12801 | D:10     | Killed a two-headed ogre
 12937 | D:10     | Found a shimmering altar of Xom.
 13027 | D:10     | Noticed a two-headed ogre
 13036 | D:10     | Killed a two-headed ogre
 13231 | D:10     | Noticed Erica
 13245 | D:10     | Killed Erica
 13567 | D:11     | Reached XP level 12. HP: 53/85 MP: 0/0
 13873 | D:11     | Identified the +0 leather armour "Kulakudi" {Int+3}
 14741 | D:12     | Found a staircase to the Orcish Mines.
 14959 | D:12     | Found a frozen archway.
 14985 | IceCv    | Entered an ice cave
 15251 | IceCv    | Reached skill level 1 in Armour
 15406 | IceCv    | Engulfed by a cloud of freezing vapour

Illustrated notes

Levels and vault maps discovered:
D:1:      dpeg_arrival_houses_and_road, layout_loops_corners, serial_forest,
          infiniplex_forest_straight_2, infiniplex_forest_lined_room_2,
          infiniplex_forest_clump_diagonal, infiniplex_forest_end_1,
          infiniplex_forest_straight_2
D:2:      layout_loops_ring, uniq_terence
D:3:      layout_basic, cheibrodos_worm_habitat, uniq_crazy_yiuf_cottage
D:4:      kennysheep_six_static_rooms, layout_rooms, serial_forest,
          infiniplex_forest_lined_3, infiniplex_forest_lined_room_,
          infiniplex_forest_lined_corner, infiniplex_forest_3_way,
          infiniplex_forest_lined_2, infiniplex_forest_clump_small,
          infiniplex_forest_fountain, infiniplex_forest_end_2,
          hangedman_abyss_or_decor_lesser_grid
D:5:      layout_rooms, minmay_temple_entry_statues_pillars, serial_shops,
          nicolae_stop_n_shop_2, grunt_decor_fettered, uniq_sigmund
D:6:      layout_cave_pools, lemuel_coloured_pillars_altar,
          amcnicky_altar_gilded, uniq_blork_the_orc, uniq_eustachio,
          uniq_edmund, uniq_menkaure
D:7:      layout_rooms, nrook_campfire, uniq_joseph
D:8:      layout_loops_corners, serial_shops, nicolae_stop_n_shop_2
D:9:      layout_grid_maze, fedhas_altar_4, dpeg_lair_monsters,
          ebering_ghost_rock_garden
D:10:     layout_small_grid, xom_confusion_cloud, uniq_erica
D:11:     layout_stronghold
D:12:     layout_cave_pools, zombieorc1_lemuel, portal_ice_cave_entry_pillars_1
Temple:   minmay_crystal_spiral_temple
IceCv:    ice_cave_tombish

Skill      XL: |  1  2  3  4  5  6  7  8  9 10 11 12 |
---------------+-------------------------------------+-----
Spellcasting   | 3 4 5 6 7 9 10 | 10.6
Fighting       | 1 3 4 6 7 8 |  8.3
Stealth        | 2 3 |  3.5
Shields        | 2 |  2.0
Dodging        | 3 |  3.9
Slings         | 5 7 8 |  8.9
Armour         | 1 |  1.0
Polearms       | |  0.5

Action                   |  1- 3 |  4- 6 |  7- 9 | 10-12 || total
-------------------------+-------+-------+-------+-------++-------
Melee: Unarmed           |    16 |       |       |       ||    16
       Dagger            |     1 |     8 |     4 |       ||    13
       Scythe            |       |       |    10 |       ||    10
 Fire: Hunting sling     |       |       |    12 |   525 ||   537
 Cast: Foxfire           |     4 |       |    24 |       ||    28
       Scorch            |    38 |    60 |    92 |       ||   190
       Flame Wave        |       |     1 |     4 |     7 ||    12
       Frozen Ramparts   |       |       |     1 |     1 ||     2
       Borgnjor's Vile C |       |       |       |    25 ||    25
Evoke: Wand              |       |       |     1 |       ||     1
  Use: Potion            |       |       |     3 |     1 ||     4
       Scroll            |       |       |     5 |     7 ||    12
 Stab: Sleeping          |     1 |       |       |       ||     1
Armor: Robe              |     7 |     3 |    18 |    15 ||    43
       Skin              |       |       |     3 |       ||     3
       Leather armour    |       |       |       |     9 ||     9
Dodge: Dodged            |    23 |    14 |    31 |    38 ||   106
Block: Other             |       |       |    15 |    19 ||    34
       Reflection        |       |       |     4 |     6 ||    10

Table legend: (Time is in decaauts)
 A = Elapsed time spent in this place.
 B = Non-inter-level travel time spent in this place.
 C = Inter-level travel time spent in this place.
 D = Time resting spent in this place.
 E = Time spent auto-exploring this place.
 F = Levels seen in this place.
 G = Mean time per level.
                   A        B        C        D        E       F      G
               +--------+--------+--------+--------+--------+-----+--------+
         Total |  15218 |  13979 |   1239 |   1674 |  10612 |  14 | 1087.0 |
       Dungeon |  14545 |  13451 |   1094 |   1335 |  10486 |  12 | 1212.1 |
        Temple |    270 |    125 |    145 |      0 |    108 |   1 |  270.0 |
      Ice Cave |    403 |    403 |      0 |    339 |     18 |   1 |  403.0 |
               +--------+--------+--------+--------+--------+-----+--------+

Top non-repeatable levels by time:
     D:1: 2118 daAuts
     D:2: 1629 daAuts
     D:5: 1457 daAuts
     D:9: 1408 daAuts
     D:3: 1384 daAuts
     D:6: 1353 daAuts
    D:11: 1177 daAuts
     D:7: 1042 daAuts
     D:8: 1000 daAuts
     D:4: 874 daAuts
    D:10: 838 daAuts
   IceCv: 403 daAuts
  Temple: 270 daAuts
    D:12: 260 daAuts
